Map: [ESL] Moondance

Players

Astrea - Winner!

  • Race: Protoss Protoss
  • League: Master
  • Spawn Location: 6:00

Zoun

  • Race: Protoss Protoss
  • Spawn Location: 12:00

Event: HomeStory Cup XXII

VOD

Have the link to the VOD?

Description

Time

  • Played on: Dec. 18, 2022, 11:53 a.m.
  • Length: 3:20

All games in this series

Show
View Real Time Build Order
Export as new Build Order

Astrea Protoss - Winner!

Build Orders:  

Get SALT Encoding   

  12  0:00  Probe  
  13  0:12  Probe  
  14  0:24  Probe  
  15  0:31  Pylon  
  16  0:50  Probe, Gateway  
  16  0:51  Gateway  
  16  0:55  Gateway  
  16  1:04  Forge  
  16  1:13  Pylon  
  16  1:14  Probe  
  17  1:38  Zealot (Chrono Boost), Photon Cannon  
  19  1:41  Zealot (Chrono Boost)  
  21  1:47  Gateway  
  20  1:56  Zealot (Chrono Boost)  
  24  2:06  Zealot (Chrono Boost)  
  24  2:20  Zealot (Chrono Boost)  
  26  2:26  Zealot  
  26  2:28  Photon Cannon x2  
  28  2:38  Photon Cannon  
  28  2:43  Photon Cannon  
  20  2:53  Zealot  
Show
View Real Time Build Order
Export as new Build Order

Zoun Protoss 

Build Orders:  

Get SALT Encoding   

  12  0:00  Probe  
  13  0:12  Probe  
  14  0:16  Pylon  
  14  0:24  Probe (Chrono Boost)  
  15  0:36  Gateway, Probe (Chrono Boost)  
  16  0:44  Probe (Chrono Boost)  
  16  0:45  Assimilator  
  17  0:50  Probe  
  18  0:58  Assimilator  
  18  1:03  Probe (Chrono Boost)  
  19  1:07  Gateway  
  19  1:13  Probe (Chrono Boost)  
  19  1:18  Probe (Chrono Boost)  
  20  1:25  Zealot  
  23  1:32  Cybernetics Core  
  23  1:43  Pylon  
  23  1:46  Gateway  
  23  2:01  Zealot (Chrono Boost)  
  25  2:06  Gateway  
  25  2:14  Shield Battery  
  25  2:25  Stalker (Chrono Boost)  
  22  2:46  Stalker  
  24  2:56  Shield Battery  
  17  3:08  Shield Battery  
Tags
 
League
Master
Matchup
PvP
Replay Pack
hsc22
Spawn Locations
Cross Positions
Add a new tag
Caveats
  • Supply blocks, unpowered buildings, or Contaminate may cause inaccurate times.
  • Supply counts are checked every 10 seconds.